[Event "*** Titled Tuesday Blitz"]
[Site "Chess.com"]
[Date "2020.12.01"]
[Round "1"]
[White "NiranjanNavalgund"]
[Black "GukeshDommaraju"]
[Result "0-1"]
[WhiteElo "2432"]
[BlackElo "2886"]
[TimeControl "180+1"]
[EndTime "10:05:37 PST"]
[Termination "GukeshDommaraju won by resignation"]

1. d4 d5 2. c4 e6 3. Nf3 Nf6 4. g3 dxc4 5. Bg2 a6 6. O-O Nc6 7. e3 Rb8 8. Qe2 b5 9. b3 cxb3 10. axb3 Bb7 11. Bb2 Be7 12. Rc1 O-O 13. Na3 Nb4 14.
Nc2 Nxc2 15. Rxc2 Bd6 16. Ne5 Bxg2 17. Kxg2 Bxe5 18. dxe5 Nd5 19. Rxa6 Nb4 20. Rd2 Nxa6 21. Rxd8 Rfxd8 22. h4 c5 23. h5 h6 24. e4 Nb4 25.
Bc1 Nd3 26. Be3 c4 27. bxc4 bxc4 28. Qg4 Kh8 29. Bd2 Nxf2 30. Kxf2 Rxd2+ 31. Ke3 Rbd8 32. Qh4 c3 33. Qe7 c2 34. Qc7 R8d3+ 35. Kf4 Rf2+ 36. Kg4 Rd1 37. Qc5 c1=Q 38. Qf8+ Kh7 0-1

[Event "*** Titled Tuesday Blitz"]
[Site "Chess.com"]
[Date "2020.12.01"]
[Round "1"]
[White "Bigfish1995"]
[Black "Region_07"]
[Result "1-0"]
[WhiteElo "3058"]
[BlackElo "2457"]
[TimeControl "180+1"]
[EndTime "10:05:38 PST"]
[Termination "Bigfish1995 won by resignation"]

1. d4 d5 2. Bf4 Nc6 3. e3 Nf6 4. Bb5 e6 5. c4 Bd6 6. Ne2 dxc4 7. Nd2 Nd5 8. Bxd6 cxd6 9. Bxc6+ bxc6 10. Nxc4 O-O 11. O-O Ba6 12. Rc1 Rb8 13. b3 c5 14.
dxc5 dxc5 15. Ng3 Nb4 16. Qe2 Qd3 17. Rfe1 Rfd8 18. h3 Qxe2 19. Rxe2 h6 20. Ne4 Nd3 21. Rc3 Ne5 22. Rec2 Bxc4 23. bxc4 Rb1+ 24. Kh2 Rc8 25. Ra3 Rb7 26. Nd6 1-0

[Event "*** Titled Tuesday Blitz"]
[Site "Chess.com"]
[Date "2020.12.01"]
[Round "1"]
[White "Godzillator"]
[Black "Mazetovic"]
[Result "0-1"]
[WhiteElo "2372"]
[BlackElo "2723"]
[TimeControl "180+1"]
[EndTime "10:05:38 PST"]
[Termination "Mazetovic won by resignation"]

1. d4 Nf6 2. c4 g6 3. Nc3 Bg7 4. e4 d6 5. Be2 O-O 6. Bg5 Na6 7. f4 c6 8. Qd2 d5 9. e5 Ne4 10. Nxe4 dxe4 11. Rd1 f6 12. Bh4 fxe5 13. fxe5 c5 14.
dxc5 Qxd2+ 15. Rxd2 Bxe5 16. Bxe7 Re8 17. Bd6 e3 18.
Rd5 Bxb2 19. Nf3 Nb4 20. O-O Be6 21. Rdd1 Nxa2 22. Ng5 Nc3 23. Nxe6 Nxe2+ 24. Kh1 Rxe6 25. Rb1 Bc3 26. Rxb7 Nf4 27. Bxf4 e2 28. Kg1 Bd4+ 0-1

[Event "*** Titled Tuesday Blitz"]
[Site "Chess.com"]
[Date "2020.12.01"]
[Round "1"]
[White "tdf98pantani"]
[Black "Fortitudine"]
[Result "1-0"]
[WhiteElo "2699"]
[BlackElo "2352"]
[TimeControl "180+1"]
[EndTime "10:05:38 PST"]
[Termination "tdf98pantani won by resignation"]

1. e4 c5 2. Nf3 d6 3. Bb5+ Nd7 4. a4 g6 5. O-O Bg7 6. Re1 Nf6 7. c3 O-O 8. h3 a6 9. Bf1 b6 10. d4 cxd4 11.
cxd4 e5 12. Nc3 Bb7 13. d5 Rc8 14. Be3 h6 15. Nd2 Ne8 16. Nc4 f5 17. f3 fxe4 18. Nxe4 Nc5 19. Nxc5 dxc5 20. Qb3 Bxd5 21. Rad1 Kh7 22.
Qxb6 Qxb6 23. Nxb6 Rd8 24. Nxd5 1-0

[Event "*** Titled Tuesday Blitz"]
[Site "Chess.com"]
[Date "2020.12.01"]
[Round "1"]
[White "ApacheSVD"]
[Black "Andreikka"]
[Result "0-1"]
[WhiteElo "2432"]
[BlackElo "2880"]
[TimeControl "180+1"]
[EndTime "10:05:39 PST"]
[Termination "Andreikka won by resignation"]

1. e4 c6 2. d4 d5 3. f3 e6 4. Nc3 Bb4 5. Qd3 Ne7 6. Ne2 Nd7 7. Bf4 Nb6 8. a3 Bd6 9. b3 f6 10. Be3 O-O 11. Ng3 e5 12. Be2 exd4 13. Bxd4 c5 14. Bf2 d4 15. Nb5 Be5 16. a4 Be6 17. O-O Ng6 18. Nh5 f5 19. a5 Nd7 20.
Bg3 f4 21. Bf2 Qg5 22. g4 fxg3 23. Nxg3 Nf4 24. Qd2 Nh3+ 25. Kg2 Qxd2 0-1

[Event "*** Titled Tuesday Blitz"]
[Site "Chess.com"]
[Date "2020.12.01"]
[Round "1"]
[White "Karacsonyi_Gellert"]
[Black "aa175"]
[Result "1-0"]
[WhiteElo "2663"]
[BlackElo "2328"]
[TimeControl "180+1"]
[EndTime "10:05:39 PST"]
[Termination "Karacsonyi_Gellert won on time"]

1. e4 c5 2. Nf3 d6 3. d4 cxd4 4. Nxd4 Nf6 5. Nc3 a6 6. Bc4 e6 7. O-O Qc7 8. Bb3 Nc6 9. Be3 Be7 10. Qf3 O-O 11. Qg3 b5 12. Rad1 Bb7 13. Bh6 Ne8 14.
Nf3 Rc8 15. Ne2 Na5 16. e5 Nxb3 17. cxb3 Bxf3 18. gxf3 dxe5 19. Nc3 Qa5 20. Kh1 b4 21. Bxg7 Bh4 22. Qxh4 Nxg7 23. Ne4 f5 24. Rd7 fxe4 25. Qe7 1-0

[Event "*** Titled Tuesday Blitz"]
[Site "Chess.com"]
[Date "2020.12.01"]
[Round "1"]
[White "suyu28"]
[Black "MillyNeuf"]
[Result "1-0"]
[WhiteElo "2643"]
[BlackElo "2317"]
[TimeControl "180+1"]
[EndTime "10:05:39 PST"]
[Termination "suyu28 won by resignation"]

1. d4 Nf6 2. Nf3 d5 3. Bf4 c5 4. e3 Nc6 5. c3 Qb6 6. Qb3 c4 7. Qc2 Bf5 8. Qc1 e6 9. h3 h6 10. Nbd2 Qd8 11. Be2 Bd6 12. Bxd6 Qxd6 13. Bd1 O-O 14. Bc2 Bxc2 15. Qxc2 b5 16. e4 dxe4 17.
Nxe4 Nxe4 18. Qxe4 Qd5 19. Qe2 Rfe8 20. Rd1 b4 21. O-O a5 22. Nd2 b3 23. Nxc4 bxa2 24. Nb6 Qb3 25. Nxa8 Rxa8 26. Ra1 a4 27. Rfc1 Na5 28.
c4 Rc8 29. Rc3 Qb4 30. Rxa2 Rxc4 31. Qc2 Rxc3 32. bxc3 Qb3 33. Qxb3 Nxb3 34. Rxa4 g5 35. f3 Kg7 36. Kf1 h5 37. Ke1 Kf6 38. Kd1 Kf5 39. Kc2 Kf4 40. Kxb3 Kg3 41. Ra2 f5 42. c4 h4 43. c5 f4 44. c6 e5 45. dxe5 g4 46. fxg4 Kh2 47. e6 f3 48. gxf3+ Kg3 49. e7 1-0

[Event "*** Titled Tuesday Blitz"]
[Site "Chess.com"]
[Date "2020.12.01"]
[Round "1"]
[White "Keures"]
[Black "rychessmaster1"]
[Result "0-1"]
[WhiteElo "2218"]
[BlackElo "2547"]
[TimeControl "180+1"]
[EndTime "10:05:39 PST"]
[Termination "rychessmaster1 won by resignation"]

1. d4 Nf6 2. c4 e6 3. Nc3 Bb4 4. Qc2 d6 5. a3 Bxc3+ 6. Qxc3 Nbd7 7. g3 c5 8. Bg2 O-O 9. Nh3 h6 10. O-O Qe7 11. Rd1 Rd8 12. b4 Rb8 13. dxc5 dxc5 14.
Bb2 b6 15. Nf4 Bb7 16. Bxb7 Rxb7 17. Rd2 Rc7 18. Rad1 cxb4 19. axb4 Rdc8 20. Qa3 Nf8 21. c5 bxc5 22. bxc5 Qxc5 23. Qxc5 Rxc5 24. Bd4 Ra5 25. Bxf6 gxf6 26. Rd8 Rxd8 27. Rxd8 Kg7 28. Ra8 Ng6 29.
Nd3 Ne7 30. Kg2 Nd5 31. Nb4 Nxb4 0-1

[Event "*** Titled Tuesday Blitz"]
[Site "Chess.com"]
[Date "2020.12.01"]
[Round "1"]
[White "Reader777"]
[Black "Misticpikachu"]
[Result "1-0"]
[WhiteElo "2683"]
[BlackElo "2349"]
[TimeControl "180+1"]
[EndTime "10:05:41 PST"]
[Termination "Reader777 won by resignation"]

1. d4 d5 2. c4 e6 3. Nf3 Nf6 4.
g3 Be7 5. Bg2 O-O 6. O-O dxc4 7.
Qc2 a6 8. a4 Bd7 9. Qxc4 Bc6 10. Bg5 Bd5 11. Qc2 Nbd7 12. Nc3 c5 13. dxc5 Nxc5 14.
Bxf6 Bxf6 15. Nxd5 Qxd5 16. Rad1 Qc6 17. Nd4 Qb6 18. e3 Rac8 19. Rc1 h6 20. Rfd1 Rfd8 21.
Bf3 e5 22. Nf5 e4 23. Bxe4 Nxe4 24. Qxe4 Qxb2 25. Rxc8 Rxc8 26. Kg2 Rc2 27. Rf1 Qb6 28. Qxc2 1-0

[Event "*** Titled Tuesday Blitz"]
[Site "Chess.com"]
[Date "2020.12.01"]
[Round "1"]
[White "valeriocarnicelli"]
[Black "Marianov_Podstavnikov"]
[Result "1-0"]
[WhiteElo "2560"]
[BlackElo "2242"]
[TimeControl "180+1"]
[EndTime "10:05:41 PST"]
[Termination "valeriocarnicelli won by resignation"]

1. e4 c5 2. Nf3 Nc6 3. d4 cxd4 4. Nxd4 e6 5. Nb5 d6 6. c4 Nf6 7. N1c3 a6 8. Na3 Be7 9. Be2 O-O 10. O-O b6 11.
Be3 Bb7 12. Qb3 Nd7 13. Rad1 Nc5 14. Qc2 Rc8 15. Rfe1 Rc7 16. Qb1 Nb4 17. f3 Qa8 18.
Nc2 Nxc2 19. Qxc2 f5 20. exf5 Rxf5 21. Bxc5 Rcxc5 22. Bd3 Rh5 23. Rxe6 Bf6 24. Rde1 Bd4+ 25. Kh1 Bc6 26. Be4 Be5 27. f4 Bxf4 28. Bxc6 Rxh2+ 29. Kg1 Qxc6 30. Re8+ Kf7 31. R1e7+ Kf6 32. Ne4+ 1-0

[Event "*** Titled Tuesday Blitz"]
[Site "Chess.com"]
[Date "2020.12.01"]
[Round "1"]
[White "reniite"]
[Black "TheCavemanChesss"]
[Result "0-1"]
[WhiteElo "1971"]
[BlackElo "2469"]
[TimeControl "180+1"]
[EndTime "10:05:41 PST"]
[Termination "TheCavemanChesss won by resignation"]

1. e4 c5 2. Nf3 d6 3. d4 cxd4 4. Nxd4 Nf6 5. Nc3 a6 6. h3 e5 7. Nde2 h5 8. g3 Be6 9. Be3 Nbd7 10. Qd2 Rc8 11. Bg2 Be7 12. O-O O-O 13. Kh2 Nb6 14. b3 d5 15. Nxd5 Nbxd5 16. exd5 Nxd5 17. c4 Nxe3 18. Qxe3 Qc7 19. Rad1 b5 20. cxb5 axb5 21. Bf3 g6 22. Bg2 Qc5 23. Qxc5 Rxc5 24. f4 Rc2 25. Rfe1 Bb4 26. Be4 Rxa2 27. Ra1 Bxb3 28. Rxa2 Bxa2 29. Ra1 Bc4 30. Rb1 Bd2 31. Ng1 exf4 32.
Nf3 fxg3+ 33. Kxg3 Bc3 34. Ne1 Re8 0-1

[Event "*** Titled Tuesday Blitz"]
[Site "Chess.com"]
[Date "2020.12.01"]
[Round "1"]
[White "Lysiak_Poltorak"]
[Black "Marty435"]
[Result "1-0"]
[WhiteElo "2350"]
[BlackElo "2651"]
[TimeControl "180+1"]
[EndTime "10:05:43 PST"]
[Termination "Lysiak_Poltorak won by checkmate"]

1. d4 Nf6 2. c4 c5 3. d5 b5 4. Qc2 e5 5. e4 b4 6. f4 d6 7. fxe5 dxe5 8. Nf3 Bd6 9. Be2 O-O 10. O-O a5 11. Bg5 Nbd7 12. Nbd2 a4 13. Nh4 Re8 14. Nf5 Bf8 15. Qd3 Qb6 16. Rf2 Ba6 17.
Raf1 b3 18. a3 Rab8 19. Nh6+ gxh6 20. Bxf6 Nxf6 21. Rxf6 Qc7 22. Bh5 Rb7 23. Rxa6 Qd8 24. Qg3+ Bg7 25. Raf6 Ree7 26. R1f5 Kf8 27. Rc6 Re8 28. Nf3 Qa5 29. Qf2 Kg8 30. Bxf7+ Rxf7 31. Rxf7 Kxf7 32. Nxe5+ Ke7 33. Qf7+ Kd8 34. Qd7# 1-0

[Event "*** Titled Tuesday Blitz"]
[Site "Chess.com"]
[Date "2020.12.01"]
[Round "1"]
[White "lacafi"]
[Black "Slovak_fighter2000"]
[Result "1/2-1/2"]
[WhiteElo "2208"]
[BlackElo "2528"]
[TimeControl "180+1"]
[EndTime "10:05:43 PST"]
[Termination "Game drawn by repetition"]

1. d4 Nf6 2. Nf3 d5 3. e3 c5 4.
c3 Nc6 5. Nbd2 e6 6. Bd3 Bd6 7. Qe2 O-O 8. dxc5 Bxc5 9. e4 a6 10. O-O b5 11. h3 Bb7 12. e5 Nd7 13. Re1 Bb6 14. Nf1 Nc5 15. Bc2 b4 16. Ng3 a5 17.
Nh5 Ba6 18. Qd1 Ne4 19. Be3 bxc3 20. Bxb6 Qxb6 21. bxc3 Qxf2+ 22. Kh2 Nxc3 23. Qc1 Ne4 24. Bxe4 dxe4 25. Qg5 g6 26. Nf6+ Kg7 27. Nh5+ Kg8 28. Nf6+ Kg7 29. Nh5+ Kg8 1/2-1/2

[Event "*** Titled Tuesday Blitz"]
[Site "Chess.com"]
[Date "2020.12.01"]
[Round "1"]
[White "TimurGareyev"]
[Black "Chernov_Mikhail"]
[Result "1-0"]
[WhiteElo "2610"]
[BlackElo "2297"]
[TimeControl "180+1"]
[EndTime "10:05:45 PST"]
[Termination "TimurGareyev won by resignation"]

1. d4 Nf6 2. Nf3 e6 3. g3 b6 4.
Bg2 Bb7 5. O-O Be7 6. c4 O-O 7. Nc3 Ne4 8. Bd2 Bf6 9. Rc1 d6 10. h4 Nd7 11. Re1 Qe7 12. Qc2 Nxc3 13. Ng5 Ne4 14.
Bxe4 Bxe4 15. Qxe4 g6 16. Be3 c5 17. Nf3 Rac8 18. b3 cxd4 19. Bxd4 Bxd4 20. Nxd4 Nf6 21. Qf3 d5 22. cxd5 Nxd5 23. e4 Nb4 24. a3 Na6 25. b4 Qd7 26. Rcd1 Rfd8 27. b5 Nc5 28. Nc6 Qc7 29. Nxd8 Rxd8 30. Qf6 1-0

[Event "*** Titled Tuesday Blitz"]
[Site "Chess.com"]
[Date "2020.12.01"]
[Round "1"]
[White "annacramling"]
[Black "Superfelix"]
[Result "1-0"]
[WhiteElo "2130"]
[BlackElo "2473"]
[TimeControl "180+1"]
[EndTime "10:05:45 PST"]
[Termination "annacramling won by resignation"]

1. d4 Nf6 2. c4 g6 3. Nc3 Bg7 4. e4 d6 5. h3 O-O 6. Bg5 Na6 7.
Nf3 e5 8. d5 Nc5 9. Qc2 a5 10.
Be2 h6 11. Be3 Nh5 12. g3 f5 13. O-O-O fxe4 14. Nd2 Nf6 15. Ndxe4 Ncxe4 16. Nxe4 Nxe4 17. Qxe4 Bf5 18. Qg2 g5 19. g4 Bg6 20. h4 Qd7 21.
hxg5 Qa4 22. Bd3 Bxd3 23. Rxd3 Qxc4+ 24. Rc3 Qxa2 25. gxh6 Bf6 26. g5 Bd8 27. Qe4 1-0

[Event "*** Titled Tuesday Blitz"]
[Site "Chess.com"]
[Date "2020.12.01"]
[Round "1"]
[White "kasparicy"]
[Black "emperor87"]
[Result "0-1"]
[WhiteElo "2376"]
[BlackElo "2731"]
[TimeControl "180+1"]
[EndTime "10:05:46 PST"]
[Termination "emperor87 won by resignation"]

1. e4 d5 2. exd5 Qxd5 3. Nc3 Qd8 4. d4 c6 5. Nf3 Nf6 6. Be2 Bf5 7.
O-O e6 8. h3 Bd6 9. Ne5 h6 10. Bf4 O-O 11. Bg3 Nd5 12. Bf3 Na6 13. Ne2 Nab4 14. c3 Bxe5 15. Bxe5 Nd3 16. Qd2 Nxe5 17. dxe5 Nb6 18. Qf4 Qg5 19. Qxg5 hxg5 20. Rfd1 Rfd8 21. Nd4 Bg6 22. Kf1 Nc4 23. b3 Nxe5 24.
Be2 a6 25. Rd2 c5 26. Nf3 Nxf3 27. Rxd8+ Rxd8 28. Bxf3 b6 29. Ke1 Kf8 30. a4 a5 31.
Ra2 Rd3 32. b4 cxb4 33. cxb4 axb4 34. Rb2 Rd4 35. Be2 Ke7 36. f3 Kd6 37. Kf2 e5 38. Ke3 f6 39. Ra2 b3 40. Rb2 Bc2 0-1

[Event "*** Titled Tuesday Blitz"]
[Site "Chess.com"]
[Date "2020.12.01"]
[Round "1"]
[White "TzoumpasAnastasis"]
[Black "LawrenceTrent"]
[Result "0-1"]
[WhiteElo "2175"]
[BlackElo "2530"]
[TimeControl "180+1"]
[EndTime "10:05:47 PST"]
[Termination "LawrenceTrent won by checkmate"]

1. e4 d5 2. exd5 Qxd5 3. d4 e5 4. c3 Nc6 5. Nf3 Bg4 6. Be2 O-O-O 7. O-O exd4 8. cxd4 Nf6 9. Nc3 Qh5 10. Be3 Bd6 11. g3 Rhe8 12. d5 Nb4 13. h3 Qxh3 14. Ng5 Qh5 15.
Qa4 Rxe3 16. fxe3 Qxg5 17. Qxa7 b6 18. Bb5 Qxe3+ 19. Rf2 Qxg3+ 20. Kf1 Qh3+ 21. Ke1 Qe3+ 22. Ne2 Nd3+ 23. Bxd3 Qxd3 24. Qa8+ Kd7 25. Qc6+ Ke7 26.
Rd1 Bb4+ 27. Nc3 Qxd1# 0-1

[Event "*** Titled Tuesday Blitz"]
[Site "Chess.com"]
[Date "2020.12.01"]
[Round "1"]
[White "Road2GM3000"]
[Black "AldokhinIvan"]
[Result "0-1"]
[WhiteElo "2125"]
[BlackElo "2494"]
[TimeControl "180+1"]
[EndTime "10:05:49 PST"]
[Termination "AldokhinIvan won by resignation"]

1. d4 Nf6 2. c4 g6 3. Nc3 Bg7 4. e4 d6 5. f4 c5 6. d5 e6 7.
Nf3 exd5 8. exd5 O-O 9. Be2 Re8 10. O-O Bf5 11. Bd3 Ne4 12. Nxe4 Bxe4 13. Bxe4 Rxe4 14. f5 h6 15. Qd3 Qe7 16. fxg6 fxg6 17. Nd2 Rh4 18.
Nf3 Re4 19. Nd2 Re1 20. Rxe1 Qxe1+ 21. Qf1 Qxf1+ 22. Kxf1 Nd7 23. Ne4 Rf8+ 24. Ke2 Re8 25. Kf3 Ne5+ 26. Kg3 Nxc4 27. Nc3 Re1 28. Kf2 Rh1 29.
h3 g5 30. Rb1 b6 31. Ke2 Rg1 32. Kf2 Bd4+ 33. Be3 Bxe3+ 34. Ke2 Rxb1 35. Nxb1 Bd4 36.
b3 Ne3 37. Kf3 Nxd5 38. Ke4 Nc3+ 39. Nxc3 Bxc3 40. Kd5 Be5 41. g4 Kf7 0-1

[Event "*** Titled Tuesday Blitz"]
[Site "Chess.com"]
[Date "2020.12.01"]
[Round "1"]
[White "Aleksandar-Topalov"]
[Black "BilodeauA"]
[Result "0-1"]
[WhiteElo "2410"]
[BlackElo "2831"]
[TimeControl "180+1"]
[EndTime "10:05:50 PST"]
[Termination "BilodeauA won by resignation"]

1. b3 d5 2. Bb2 Nf6 3. Nf3 Bf5 4. g3 e6 5. Bg2 h6 6. O-O c5 7. Ne5 Nc6 8. Nxc6 bxc6 9. d3 Be7 10. Nd2 O-O 11.
e4 Bh7 12. Qe2 a5 13. a4 Nd7 14. f4 Rb8 15. Rab1 Bf6 16. e5 Be7 17. Bc3 Re8 18.
Kh1 f6 19. Bh3 Nf8 20. Nf3 Bf5 21. Bxf5 exf5 22. exf6 Bxf6 23. Qd2 d4 24. Bb2 Qd5 25. Kg2 Re3 26. Rbe1 Rbe8 27. Bc1 g5 28. fxg5 hxg5 29. Qf2 Rxe1 30. Rxe1 Rxe1 31. Qxe1 g4 0-1

[Event "*** Titled Tuesday Blitz"]
[Site "Chess.com"]
[Date "2020.12.01"]
[Round "1"]
[White "Forantes"]
[Black "Blackmind96"]
[Result "0-1"]
[WhiteElo "2385"]
[BlackElo "2768"]
[TimeControl "180+1"]
[EndTime "10:05:50 PST"]
[Termination "Blackmind96 won by resignation"]

1. Nf3 g6 2. g3 Bg7 3. d4 d6 4. Bg2 Nc6 5. O-O Bd7 6. c4 Qc8 7.
Re1 Bh3 8. Bh1 h5 9. Bf4 h4 10. d5 Nb8 11. Nc3 hxg3 12. fxg3 Nd7 13. e4 Bg4 14. Qd2 Bxf3 15. Bxf3 Ne5 16. Bg2 Nxc4 17. Qf2 Qd7 18. Rac1 a6 19. e5 Nxe5 20. Bxe5 Bxe5 21. Rxe5 dxe5 22. Ne4 Nf6 23. Nxf6+ exf6 24. Qxf6 O-O 25. Rc4 Qd6 26. Qg5 Kg7 27. Re4 f5 28. Rc4 e4 29.
Qc1 Rf7 30. Qc3+ Qf6 31. Qb3 b5 32. Rc6 Qd4+ 33. Kh1 Rd8 34. Rxa6 Qxd5 35. Qc3+ Qd4 36. Bf1 Qxc3 37. bxc3 e3 38. Bxb5 Re7 39. Kg1 e2 0-1

[Event "*** Titled Tuesday Blitz"]
[Site "Chess.com"]
[Date "2020.12.01"]
[Round "1"]
[White "lucachess49"]
[Black "Koksik_13"]
[Result "1-0"]
[WhiteElo "2346"]
[BlackElo "2650"]
[TimeControl "180+1"]
[EndTime "10:05:50 PST"]
[Termination "lucachess49 won by resignation"]

1. d4 e6 2. c4 d5 3. Nc3 a6 4. Nf3 dxc4 5. e3 b5 6. a4 b4 7. Nb1 Bb7 8. Bxc4 Nf6 9. O-O c5 10. dxc5 Qxd1 11. Rxd1 Nbd7 12. Nbd2 Nxc5 13. b3 O-O-O 14.
Bb2 Bd6 15. Rac1 Kb8 16. Be5 Ka7 17. Bd4 Kb8 18. Be5 Ka8 19. Bxd6 Rxd6 20. Ne5 Rhd8 21. Nxf7 Rxd2 22. Nxd8 Rb2 23. Nxb7 Kxb7 24. Rd6 Nce4 25. Rxe6 Nc5 26. Re7+ Kb6 27. h3 Nxb3 28. Re6+ Ka7 29.
Bxb3 Rxb3 30. Rc7+ Kb8 31. Rxg7 Rc3 32. Rxf6 b3 33.
Rf8+ Rc8 34. Rxc8+ Kxc8 35. Rg4 a5 36. Rc4+ Kb7 37.
Rc3 b2 38. Rb3+ Kc6 39. Rxb2 Kc5 40. Rb5+ Kc4 1-0

[Event "*** Titled Tuesday Blitz"]
[Site "Chess.com"]
[Date "2020.12.01"]
[Round "1"]
[White "Duhless"]
[Black "TudorAnton"]
[Result "1-0"]
[WhiteElo "2993"]
[BlackElo "2454"]
[TimeControl "180+1"]
[EndTime "10:05:52 PST"]
[Termination "Duhless won by resignation"]

1. d4 Nf6 2. Nf3 e6 3. Bg5 c5 4. d5 exd5 5. Nc3 d4 6. Bxf6 Qxf6 7. Nd5 Qc6 8. e4 dxe3 9. Bb5 Qd6 10. O-O Be7 11. Re1 O-O 12. Rxe3 Bd8 13. Ne5 Nc6 14.
Nc4 Qg6 15. Rg3 Qh6 16. Rh3 Qg6 17. Nce3 d6 18. Bd3 f5 19. Nf4 Qg5 20. Bc4+ Kh8 21. Qxd6 Ne7 22. Rd1 b5 23. Qxd8 Ba6 24. Qxe7 Qxf4 1-0

[Event "*** Titled Tuesday Blitz"]
[Site "Chess.com"]
[Date "2020.12.01"]
[Round "1"]
[White "ArjunErigaisi2003"]
[Black "esskeettit"]
[Result "1-0"]
[WhiteElo "2908"]
[BlackElo "2438"]
[TimeControl "180+1"]
[EndTime "10:05:53 PST"]
[Termination "ArjunErigaisi2003 won by resignation"]

1. d4 Nf6 2. Bg5 e6 3. Nd2 h6 4. Bh4 d5 5. Ngf3 Be7 6. e3 c5 7.
Bd3 Nc6 8. c3 b6 9. O-O Bb7 10.
Qe2 O-O 11. Rad1 Ne4 12. Bxe7 Nxe7 13. Ba6 Bxa6 14. Qxa6 Nxd2 15. Rxd2 Qc7 16. h3 Nf5 17. dxc5 Qxc5 18. Rfd1 Nd6 19. Rd4 Rfc8 20. Ne5 Nf5 21. Rf4 Qc7 22. Nf3 Nd6 23. Qe2 Nc4 24. Rg4 Ne5 25. Rgd4 Nxf3+ 26. Qxf3 Rab8 27. e4 dxe4 28. Qxe4 Rd8 29. a4 Rxd4 30. Rxd4 Rd8 31. Rxd8+ Qxd8 32. g3 g6 33. Kg2 h5 34. Qb7 Qd2 35. Qxa7 Qxb2 36.
Qb8+ Kh7 37. a5 Qxc3 38. Qxb6 Qc4 39. a6 Qe4+ 40. Kg1 h4 41. a7 hxg3 42. fxg3 Qf3 43. Qf2 Qe4 44. Qxf7+ Kh6 45. Qf4+ 1-0

[Event "*** Titled Tuesday Blitz"]
[Site "Chess.com"]
[Date "2020.12.01"]
[Round "1"]
[White "Rainmond"]
[Black "SHIVACalypso"]
[Result "1-0"]
[WhiteElo "2801"]
[BlackElo "2397"]
[TimeControl "180+1"]
[EndTime "10:05:53 PST"]
[Termination "Rainmond won by resignation"]

1. d4 e6 2. Nf3 Nf6 3. c4 d5 4. Nc3 Bb4 5. Bg5 h6 6. Bh4 O-O 7. e3 Nc6 8. Qb3 Be7 9. cxd5 Nxd5 10. Bg3 Nxc3 11. bxc3 Bd6 12. Bb5 Bd7 13. Rb1 a6 14. Bd3 b5 15. Qc2 Qe7 16. O-O Na5 17. c4 bxc4 18.
Be4 Rab8 19. Ne5 Bxe5 20. Bxe5 Rb5 21. Bxc7 Qa3 22. Rxb5 axb5 23. Rb1 Rc8 24. Bb6 b4 25. Bc5 Rb8 26. h4 Ba4 27. Qe2 c3 28. Bd3 Bc6 29. e4 Qa4 30. Rc1 Bb5 31. Qc2 Qxc2 32. Bxc2 Bc4 33.
Rb1 Bxa2 34. Rxb4 Rc8 35. f3 Nc6 36. Ra4 Rb8 37. Rxa2 Rb2 38. Rxb2 cxb2 39. Kf2 1-0

[Event "*** Titled Tuesday Blitz"]
[Site "Chess.com"]
[Date "2020.12.01"]
[Round "1"]
[White "FMalexhdez"]
[Black "Lupul_Cenusiu"]
[Result "0-1"]
[WhiteElo "2270"]
[BlackElo "2586"]
[TimeControl "180+1"]
[EndTime "10:05:57 PST"]
[Termination "Lupul_Cenusiu won by resignation"]

1. e4 c5 2. Nf3 e6 3. d4 cxd4 4. Nxd4 a6 5. c4 Nf6 6. Nc3 d6 7. Nc2 b6 8. Be2 Bb7 9. f3 h5 10. Be3 Nbd7 11. O-O Rc8 12. Rc1 Be7 13. b3 Ne5 14. Qe1 h4 15. Qf2 Ned7 16. Nd4 g6 17. Bd3 Kf8 18. f4 Ng4 19. Qe2 Nxe3 20. Qxe3 Kg7 21.
f5 Bg5 22. Qf2 Qf6 23. Rce1 Ne5 24. Bb1 Ng4 25. Nxe6+ fxe6 26. Qe2 Ne3 0-1

[Event "*** Titled Tuesday Blitz"]
[Site "Chess.com"]
[Date "2020.12.01"]
[Round "1"]
[White "oogee"]
[Black "NeverW84M8"]
[Result "0-1"]
[WhiteElo "2190"]
[BlackElo "2533"]
[TimeControl "180+1"]
[EndTime "10:05:57 PST"]
[Termination "NeverW84M8 won on time"]

1. d4 Nf6 2. c4 c5 3. d5 e6 4. Nc3 exd5 5. cxd5 d6 6. Nf3 g6 7. Nd2 Bg7 8. e4 O-O 9. Be2 a6 10. a4 Re8 11. O-O Nbd7 12. Re1 Rb8 13. a5 Qc7 14. Qc2 b5 15. axb6 Rxb6 16. Nc4 Rb4 17.
Bf4 Ne5 18. Bxe5 dxe5 19. Na5 Qb6 20. Ra2 Bd7 21. Rea1 Bb5 22. Nc6 Bxc6 23. dxc6 Qxc6 24. Rxa6 Qb7 25. R1a2 Rb8 26. Rxf6 Bxf6 27. Nd5 Rxb2 28. Nxf6+ Kg7 0-1

[Event "*** Titled Tuesday Blitz"]
[Site "Chess.com"]
[Date "2020.12.01"]
[Round "1"]
[White "jefferyx"]
[Black "MashaFromRussia"]
[Result "1-0"]
[WhiteElo "2921"]
[BlackElo "2440"]
[TimeControl "180+1"]
[EndTime "10:05:59 PST"]
[Termination "jefferyx won by resignation"]

1. c4 e5 2. g3 d6 3. Bg2 g6 4.
Nc3 Bg7 5. Nf3 f5 6. d3 Nf6 7. O-O O-O 8. Nd2 Nc6 9. Rb1 a5 10. a3 Ne7 11. b4 axb4 12. axb4 d5 13. cxd5 Nexd5 14. Bb2 c6 15. b5 Be6 16. bxc6 bxc6 17.
Nxd5 Nxd5 18. Nc4 Qc7 19. Qd2 Rfb8 20. Rfc1 Rb3 21. Bxe5 Qb7 22. Rxb3 Qxb3 23. Bxg7 Kxg7 24. Na5 Qb5 25. Nxc6 Bf7 26. Nb4 Re8 27. Bxd5 Bxd5 28. Rc7+ Bf7 29. Qc3+ Kg8 30. Qf6 Rf8 31. Qd4 Ra8 32.
Nc6 1-0

[Event "*** Titled Tuesday Blitz"]
[Site "Chess.com"]
[Date "2020.12.01"]
[Round "1"]
[White "VinzentSpitzl"]
[Black "AlexTriapishko"]
[Result "0-1"]
[WhiteElo "2402"]
[BlackElo "2805"]
[TimeControl "180+1"]
[EndTime "10:05:59 PST"]
[Termination "AlexTriapishko won by resignation"]

1. e4 e5 2. Nf3 Nc6 3. Bb5 a6 4. Ba4 g6 5. c3 Bg7 6. d4 b5 7.
Bb3 exd4 8. cxd4 Nge7 9. d5 Na5 10. d6 cxd6 11. Qxd6 Nb7 12. Qd1 O-O 13. O-O Nc5 14. Nc3 Bb7 15. Nd5 Nxb3 16. Qxb3 Nxd5 17. exd5 Qf6 18. Rb1 Qf5 19. Bd2 Bxd5 20. Qe3 Rfe8 21. Qa3 Re4 22. Rfe1 Ra4 23. Qe3 Rg4 24. Qe8+ Bf8 25.
Bh6 Rxg2+ 26. Kxg2 Qxf3+ 27. Kf1 Qh3+ 0-1

[Event "*** Titled Tuesday Blitz"]
[Site "Chess.com"]
[Date "2020.12.01"]
[Round "1"]
[White "ARTHURMOTIVATOR"]
[Black "Jungle_Jaguar"]
[Result "0-1"]
[WhiteElo "2235"]
[BlackElo "2555"]
[TimeControl "180+1"]
[EndTime "10:05:59 PST"]
[Termination "Jungle_Jaguar won by resignation"]

1. e4 c5 2. b3 d6 3. Bb2 Nc6 4. Bb5 Nf6 5. Bxc6+ bxc6 6. d3 e6 7. Nd2 Be7 8. f4 O-O 9. Ngf3 d5 10. Ne5 Bb7 11.
O-O Qc7 12. Qf3 Rfd8 13. Rae1 c4 14. dxc4 dxe4 15. Nxe4 Nxe4 16. Qxe4 Rd2 17. Nxf7 c5 18. Nh6+ Kf8 19. Qxh7 Rxg2+ 20. Kh1 Rg6+ 0-1

[Event "*** Titled Tuesday Blitz"]
[Site "Chess.com"]
[Date "2020.12.01"]
[Round "1"]
[White "UCantHandleDenker"]
[Black "Ze-Pequeno"]
[Result "0-1"]
[WhiteElo "2512"]
[BlackElo "2195"]
[TimeControl "180+1"]
[EndTime "10:05:59 PST"]
[Termination "Ze-Pequeno won by resignation"]

1. Nf3 Nf6 2. c4 c5 3. g3 b6 4.
Bg2 Bb7 5. O-O e6 6. Nc3 Be7 7. d4 cxd4 8. Qxd4 d6 9. Rd1 a5 10. Bg5 Nbd7 11. Nb5 O-O 12. Nxd6 Bc6 13. Nb5 Qc8 14.
b3 Qb7 15. Rac1 Rfd8 16. Qa1 Bc5 17. Ne1 Bxg2 18. Nxg2 Bxf2+ 19. Kxf2 Ne4+ 20. Kg1 Nxg5 21. h4 Nh3+ 22. Kh2 Nf2 23. Rf1 Ng4+ 24. Kh3 Ndf6 25. Qc3 Rd7 26. h5 h6 27. Rf4 e5 28. Rxg4 Nxg4 29.
Kxg4 Rad8 30. Qxe5 Qxg2 31. Qf4 Qxe2+ 32. Kh4 Re7 33. Rf1 Re4 34. Kh3 Rxf4 35. Rxf4 Qxh5+ 0-1